 Dungeon Crawl Stone Soup version 0.24-a0-189-g5d897e9 (console) character file.

Game seed: 15041713815980795588

102563 Duffy the Eclecticist (level 15, 92/92 HPs)
             Began as a Deep Elf Fire Elementalist on Mar 16, 2019.
             Was a Priest of Sif Muna.
             Quit the game on level 15 of the Dungeon.
             The game lasted 01:06:22 (38462 turns).

Duffy the Eclecticist (Deep Elf Fire Elementalist) Turns: 38462, Time: 01:06:23

Health: 92/92      AC: 19    Str:  5    XL:     15   Next: 86%
Magic:  37/37      EV: 19    Int: 27    God:    Sif Muna [***...]
Gold:   1044       SH:  6    Dex: 15    Spells: 14/46 levels left

rFire    + + .     SeeInvis .   a - staff of conjuration {!a}
rCold    . . .     Gourm    .   S - +1 buckler {AC+3}
rNeg     . . .     Faith    .   J - +3 leather armour "Wetusiag" {rC++}
rPois    +         Spirit   .   x - +2 helmet
rElec    .         Reflect  .   U - +1 cloak {rPois}
rCorr    .         Harm     .   n - +2 pair of gloves
MR       +....                  V - +0 pair of boots {Stlth+}
Stlth    +++.......             L - amulet of magic regeneration
HPRegen  0.25/turn              Z - ring of fire
MPRegen  0.50/turn              P - ring of fire

@: divine energy
A: no striking features
a: Stop Divine Energy, Channel Magic, Renounce Religion


You were on level 15 of the Dungeon.
You worshipped Sif Muna.
Sif Muna was most pleased with you.
You were not hungry.

You visited 3 branches of the dungeon, and saw 23 of its levels.
You also visited: Gauntlet.

You collected 2369 gold pieces.
You spent 1325 gold pieces at shops.

Inventory:

Hand Weapons
 Y - a +0 blowgun
Missiles
 y - 7 curare-tipped needles
Armour
 n - a +2 pair of gloves (worn)
 x - a +2 helmet (worn)
 E - a +3 leather armour of fire resistance
 J - the +3 leather armour "Wetusiag" (worn) {rC++}
   (You found it on level 6 of the Lair of Beasts)

   It greatly protects you from cold.
 S - a +1 buckler of protection (worn)
 U - a +1 cloak of poison resistance (worn)
 V - a +0 pair of boots of stealth (worn)
Magical Staves
 a - an uncursed staff of conjuration (weapon) {!a}
 b - an uncursed staff of energy {!a}
 K - an uncursed staff of air {!a}
Jewellery
 v - an uncursed ring of protection from magic
 w - an uncursed ring of resist corrosion
 L - an amulet of magic regeneration (around neck)
 P - a ring of fire (right hand)
 Q - an uncursed ring of wizardry
 Z - a ring of fire (left hand)
Wands
 F - a wand of flame (16)
 G - a wand of digging (16)
 H - a wand of acid (42)
 N - a wand of enslavement (5)
 X - a wand of iceblast (11)
Scrolls
 d - 5 scrolls of fog
 g - 7 scrolls of remove curse
 h - 2 scrolls of blinking
 l - a scroll of fear
 m - 9 scrolls of teleportation
 p - 2 scrolls of enchant armour
 q - 4 scrolls of immolation
 A - 2 scrolls of holy word
 C - 4 scrolls of magic mapping
 R - 2 scrolls of vulnerability
 T - a scroll of acquirement
Potions
 e - 2 potions of brilliance
 i - a potion of cancellation
 j - 15 potions of curing
 k - 2 potions of lignification
 o - 2 potions of invisibility
 r - 4 potions of flight
 t - 4 potions of mutation
 u - 4 potions of magic
 z - 5 potions of heal wounds
 B - 2 potions of haste
 I - a potion of ambrosia
Miscellaneous
 f - a fan of gales
 s - a sack of spiders
 D - a lamp of fire
 O - a phantom mirror
Comestibles
 c - 34 rations
 M - 4 chunks of flesh


   Skills:
 - Level 10.0 Fighting
 - Level 4.2 Armour
 - Level 13.0 Dodging
 - Level 2.4 Stealth
 - Level 4.0 Shields
 + Level 16.3 Spellcasting
 + Level 10.7 Conjurations
 + Level 11.0 Fire Magic
 - Level 8.0 Earth Magic
 - Level 10.0 Invocations
 - Level 8.0 Evocations


You had 14 spell levels left.
You knew the following spells:

 Your Spells              Type           Power        Failure   Level  Hunger
a - Apportation           Tloc           ###...       3%          1    None
h - Bolt of Magma         Conj/Fire/Erth ########..   1%          5    None
i - Ignition              Fire           ########..   94%         8    ######.
j - Sticky Flame          Conj/Fire      ########     1%          4    None
k - Fireball              Conj/Fire      ########..   1%          5    None
l - Conjure Flame         Conj/Fire      ########     1%          3    None
o - Mephitic Cloud        Conj/Pois/Air  ######..     2%          3    None
y - Stone Arrow           Conj/Erth      ######       1%          3    None

Your spell library contained the following spells:

 Spells                   Type           Power        Failure   Level  Hunger
 Flame Tongue             Conj/Fire      #####        1%          1    None
 Magic Dart               Conj           ####         1%          1    None
 Sting                    Conj/Pois      ####         1%          1    None
 Throw Flame              Conj/Fire      ######       1%          2    None
 Dazzling Spray           Conj/Hex       ######       1%          3    None
 Inner Flame              Hex/Fire       #######.     1%          3    None
 Static Discharge         Conj/Air       ######..     1%          3    None
 Animate Skeleton         Necr           N/A          3%          1    None
 Beastly Appendage        Tmut           ###...       3%          1    None
 Confusing Touch          Hex            ###...       3%          1    None
 Summon Small Mammal      Summ           ###.         3%          1    None
 Fulminant Prism          Conj/Hex       ######....   3%          4    None
 Throw Icicle             Conj/Ice       ######..     3%          4    None
 Call Imp                 Summ           ###.....     5%          2    None
 Corpse Rot               Necr           N/A          5%          2    None
 Poisonous Vapours        Pois/Air       ###...       5%          2    None
 Shroud of Golubria       Chrm/Tloc      ###.......   5%          2    None
 Sticks to Snakes         Tmut           ###.....     5%          2    None
 Leda's Liquefaction      Hex/Erth       #####.....   7%          4    None
 Call Canine Familiar     Summ           ###.....     11%         3    None
 Ozocubu's Armour         Chrm/Ice       ###.....     11%         3    None
 Spider Form              Tmut/Pois      ###.......   11%         3    None
 Summon Guardian Golem    Hex/Summ       ###.....     11%         3    None
 Iskenderun's Battlesphe  Conj/Chrm      ######..     11%         5    None
 Lightning Bolt           Conj/Air       ######....   11%         5    None
 Venom Bolt               Conj/Pois      ######....   11%         5    None
 Animate Dead             Necr           N/A          34%         4    None
 Ice Form                 Ice/Tmut       ###.....     34%         4    None
 Olgreb's Toxic Radiance  Pois           ###.....     34%         4    None
 Summon Ice Beast         Ice/Summ       ###.....     34%         4    None
 Summon Lightning Spire   Summ/Air       ###.....     34%         4    None
 Blade Hands              Tmut           ###.......   67%         5    None
 Summon Forest            Summ/Tloc      ###.......   67%         5    None
 Spellforged Servitor     Conj/Summ      ######....   97%         7    #####..
 Darkness                 Hex            ###.......   99%         6    ###....
 Death Channel            Necr           ###.......   99%         6    ###....
 Dispersal                Tloc           ###.......   99%         6    ###....
 Hydra Form               Tmut           ###.......   99%         6    ###....
 Simulacrum               Ice/Necr       ###.......   99%         6    ###....
 Haunt                    Necr/Summ      ###.......   100%        7    #####..
 Summon Hydra             Summ           ###.......   100%        7    #####..
 Shatter                  Erth           ######....   100%        9    #######
 Tornado                  Air            ###.......   100%        9    #######


Dungeon Overview and Level Annotations

Branches:
Dungeon (15/15)            Temple (0/1) D:6            Lair (6/6) D:8
 Shoals (0/4) Lair:4        Snake (0/4) Lair:2        Slime (0/5) Lair:6
    Orc (2/2) D:12            Elf (0/3) Orc:2        Vaults (0/5) D:14
 Depths (0/5) D:15

Altars:
Cheibriados
Dithmenos
Elyvilon
Fedhas
Hepliaklqana
Kikubaaqudgha
Makhleb
Okawaru
Ru
Sif Muna
Trog
Vehumet
Xom
The Shining One
Beogh
Jiyva

Shops:
D:10 [   D:12 }   D:15 :   Orc:2 *:*[

Annotations:
D:13 exclusion: obsidian statue
Lair:2 zero's ghost, journeyman DDFi


Message History

Aim: a six-headed hydra You feel a huge surge of power!
The bolt of magma hits the six-headed hydra!!!!
You kill the six-headed hydra!
Sif Muna accepts your kill.
Cast which spell? (? or * to list)
You can't see any susceptible monsters within range! (Use Z to cast anyway.) Cast which spell? (? or * to list)
You can't see any susceptible monsters within range! (Use Z to cast anyway.)
Found a white marble altar of Elyvilon.
Found 14 gold pieces.
There is a fountain of clear blue water here.
You now have 998 gold pieces (gained 14).
You now have 1023 gold pieces (gained 25).
You now have 1044 gold pieces (gained 21).
Things that are here:
a cursed -3 short sword; a +0 whip; a kobold corpse
Found Folizuch's Book Shop.
There is an entrance to Folizuch's Book Shop here.
Are you sure you want to abandon this character and quit the game? (Confirm with "yes".)

,* *,,,,* *,,* #...* #..
+***,,,,***####..######...#######..
,,,**,,,,,,,.......................
,,,,**,,,,,,,......................
***,,*,******#.....................
,,*,,*,* #....#*#..............
>,*,,*,***####....# #..............
,,*,,*,,,,........###..............
+**,,*,,,,.......@................#
,,,,**,,,,.........................
,,,**,,***####.....................
****,,,* #.....................
*,,,* #....####...##...###..
****,,,****###....####...##...#*#..
,,,,,,,,,,........................#
,,,,,,,,,,.........\...............
**********#########################


There were no monsters in sight!

Vanquished Creatures
  Kirke (D:12)
  Nessos (D:15)
  A dire elephant (Gauntlet)
  Azrael (D:12)
  A minotaur (Gauntlet)
  Josephine (D:12)
  4 vault guards (D:14)
  4 ogre magi
  5 hydras
  2 centaur warriors
  25 two-headed ogres
  A catoblepas (D:13)
  6 death yaks (D:8)
  2 tengu warriors
  A queen ant (Gauntlet)
  A soul eater (Gauntlet)
  Urug (Lair:3)
  An orc high priest (Orc:2)
  An unseen horror (D:12)
  A wizard (D:10)
  A wolf spider zombie (D:13)
  Pikel (D:6)
  The ghost of Ratty the Dealer of Despair, a novice DENe of Kikubaaqudgha (D:8)
  An orc knight (Orc:2)
  2 manticores
  An oklob plant (Lair:4)
  A merfolk siren (Lair:4)
  An ugly thing (D:11)
  5 cyclopes
  4 black mambas (Lair:6)
  An elephant (Gauntlet)
  24 spiny frogs
  A gargoyle (D:14)
  6 rime drakes
  2 kobold demonologists
  An efreet (D:13)
  5 komodo dragons
  9 trolls
  A polar bear (Lair:6)
  4 slime creatures (D:14)
  5 tyrant leeches
  Prince Ribbit (D:7)
  Grinder (D:5)
  A raiju (shapeshifter) (D:13)
  17 blink frogs
  10 hippogriffs
  Sigmund (D:4)
  2 shadows
  7 wraiths
  A vampire (D:13)
  7 wyverns
  3 basilisks
  A human (D:8)
  39 yaks
  10 hogs
  2 hungry ghosts
  3 fire elementals (D:12)
  3 steam dragons
  2 wargs (Orc:2)
  10 vampire mosquitoes
  A death yak simulacrum (Lair:2)
  An acid dragon (D:11)
  6 soldier ants (Gauntlet)
  2 nagas (Lair:2)
  9 water moccasins
  A hydra simulacrum (Lair:2)
  5 porcupines
  2 hell hounds (D:12)
  5 sky beasts
  23 orc warriors
  4 slaves (D:6)
  2 black bears
  4 phantoms
  An eye of draining (D:14)
  3 necrophages
  3 ice beasts
  9 wolves
  16 centaurs
  33 ogres
  The ghost of Duffy the Ruffian, an amateur DrTm (D:6)
  15 crocodiles
  12 big kobolds
  26 bullfrogs
  2 water moccasin zombies
  6 scorpions
  A wyvern skeleton (D:13)
  13 killer bees
  23 wights
  An electric eel (Lair:5)
  5 howler monkeys
  14 crimson imps
  6 bullfrog zombies
  5 jellies
  A wyvern simulacrum (Lair:2)
  2 quasits
  A water moccasin simulacrum (Lair:2)
  20 orc priests
  6 centaur skeletons
  A centaur zombie (D:10)
  12 hounds
  Crazy Yiuf (D:4)
  3 bullfrog skeletons
  4 iguanas
  41 orc wizards
  12 worker ants
  A wolf simulacrum (Lair:2)
  A bullfrog simulacrum (Lair:2)
  A basilisk simulacrum (Lair:2)
  A hound skeleton (D:7)
  A hound zombie (D:10)
  3 mummies (D:10)
  2 worker ant zombies (D:10)
  10 gnolls
  21 adders
  5 shadow imps
  3 oozes
  4 worms
  3 adder zombies
  6 dart slugs
  7 leopard geckos
  102 orcs
  3 giant cockroaches
  13 hobgoblins
  7 jackals
  3 quokkas
  A ball python (D:2)
  7 bats
  5 frilled lizards
  8 goblins
  27 kobolds
  2 leopard gecko skeletons
  A leopard gecko zombie (D:7)
  2 quokka skeletons
  A quokka zombie (D:5)
  11 rats
  7 plants
892 creatures vanquished.

Vanquished Creatures (others)
  A warg (Orc:2)
  An ogre (D:12)
  A bullfrog (D:12)
  An orc priest (D:12)
  11 fungi
  46 plants
  10 withered plants
71 creatures vanquished.

Grand Total: 963 creatures vanquished

Notes
Turn   | Place    | Note
-------+----------+-------------------------------------------
     0 | D:1      | Duffy the Deep Elf Fire Elementalist began the quest for
                  | the Orb.
     0 | D:1      | Reached XP level 1. HP: 10/10 MP: 6/6
   295 | D:1      | Reached XP level 2. HP: 15/15 MP: 5/8
   954 | D:1      | Reached XP level 3. HP: 19/19 MP: 7/9
   962 | D:1      | Learned a level 3 spell: Conjure Flame
  1854 | D:2      | Reached XP level 4. HP: 24/24 MP: 3/11
  1860 | D:2      | Learned a level 4 spell: Sticky Flame
  1993 | D:2      | Found a glowing golden altar of the Shining One.
  2076 | D:2      | Found an ancient bone altar of Kikubaaqudgha.
  2109 | D:2      | Found a deep blue altar of Sif Muna.
  2113 | D:2      | Found a radiant altar of Vehumet.
  2123 | D:2      | Identified Vehumet's Catalogue of Combat Magic
  2171 | D:2      | Became a worshipper of Sif Muna the Loreminder
  2270 | D:2      | Found a snail-covered altar of Cheibriados.
  2320 | D:2      | Reached skill level 4 in Spellcasting
  2661 | D:3      | Reached XP level 5. HP: 28/28 MP: 7/13
  2846 | D:3      | Found a sacrificial altar of Ru.
  3478 | D:3      | Learned a level 5 spell: Fireball
  3695 | D:3      | Found a blossoming altar of Fedhas.
  4149 | D:4      | Noticed Sigmund
  4158 | D:4      | Killed Sigmund
  4158 | D:4      | Reached * piety under Sif Muna
  4158 | D:4      | Reached skill level 5 in Spellcasting
  4158 | D:4      | Reached skill level 5 in Conjurations
  4158 | D:4      | Reached skill level 5 in Fire Magic
  4158 | D:4      | Reached XP level 6. HP: 30/32 MP: 8/16
  4414 | D:4      | Found a runed translucent door.
  4415 | D:4      | Noticed Crazy Yiuf
  4423 | D:4      | Killed Crazy Yiuf
  4423 | D:4      | Reached XP level 7. HP: 37/37 MP: 12/17
  4675 | D:4      | Reached skill level 1 in Fighting
  4967 | D:4      | Found a shimmering altar of Xom.
  4968 | D:4      | Found a burning altar of Makhleb.
  5401 | D:4      | Found a glowing golden altar of the Shining One.
  5575 | D:5      | Entered Level 5 of the Dungeon
  5618 | D:5      | Reached skill level 5 in Dodging
  5749 | D:5      | Reached XP level 8. HP: 46/46 MP: 14/18
  6268 | D:5      | Noticed Grinder
  6707 | D:5      | Killed Grinder
  6818 | D:5      | Reached skill level 5 in Fighting
  6930 | D:5      | Reached ** piety under Sif Muna
  6932 | D:5      | Found an iron altar of Okawaru.
  6949 | D:5      | Reached skill level 6 in Spellcasting
  7150 | D:5      | Reached XP level 9. HP: 54/54 MP: 15/20
  7785 | D:6      | Found a staircase to the Ecumenical Temple.
  7822 | D:6      | Found a shadowy altar of Dithmenos.
  8128 | D:6      | Reached skill level 7 in Spellcasting
  8526 | D:6      | Found a runed translucent gate.
  8526 | D:6      | Found a runed translucent gate.
  8526 | D:6      | Found a runed translucent gate.
  8527 | D:6      | Noticed a kobold demonologist
  8528 | D:6      | Noticed Duffy's ghost (amateur DrTm)
  8617 | D:6      | Found a hazy altar of Hepliaklqana.
  8627 | D:6      | Noticed Pikel
  8665 | D:6      | Killed Pikel
  8875 | D:6      | Reached skill level 5 in Evocations
  9543 | D:7      | Noticed Prince Ribbit
  9551 | D:7      | Reached *** piety under Sif Muna
  9558 | D:7      | Killed Prince Ribbit
  9854 | D:7      | Reached skill level 8 in Spellcasting
 10192 | D:7      | Reached XP level 10. HP: 52/59 MP: 24/24
 10841 | D:8      | Reached skill level 1 in Invocations
 11288 | D:8      | Reached **** piety under Sif Muna
 11489 | D:8      | Noticed a death yak
 11489 | D:8      | Noticed a death yak
 11489 | D:8      | Noticed a death yak
 11492 | D:8      | Noticed a death yak
 11519 | D:8      | Killed a death yak
 11519 | D:8      | Reached skill level 9 in Spellcasting
 11538 | D:8      | Killed a death yak
 11777 | D:8      | Noticed a death yak
 11780 | D:8      | Noticed a death yak
 11792 | D:8      | Killed a death yak
 11801 | D:8      | Killed a death yak
 11801 | D:8      | Reached skill level 10 in Spellcasting
 11836 | D:8      | Killed a death yak
 11836 | D:8      | Reached XP level 11. HP: 41/64 MP: 1/27
 11895 | D:8      | Killed a death yak
 11895 | D:8      | Reached skill level 5 in Invocations
 12161 | D:8      | Found a staircase to the Lair.
 12246 | D:8      | Found a runed translucent gate.
 12246 | D:8      | Found a runed translucent gate.
 12246 | D:8      | Noticed Ratty's ghost (novice DENe)
 12427 | D:8      | Found a runed translucent gate.
 12436 | D:8      | Killed Ratty's ghost
 12951 | D:9      | Found a white marble altar of Elyvilon.
 13015 | D:8      | Reached ***** piety under Sif Muna
 13273 | D:8      | Identified Sif Muna's Handbook of Assistive Confrontation
                  | (Sif Muna gifted it to you on level 8 of the Dungeon)
 13273 | D:8      | Received a gift from Sif Muna
 13347 | D:8      | Learned a level 5 spell: Bolt of Magma
 13526 | D:9      | Reached skill level 11 in Spellcasting
 14095 | D:10     | Entered Level 10 of the Dungeon
 14815 | D:10     | Noticed a two-headed ogre
 14818 | D:10     | Killed a two-headed ogre
 14823 | D:10     | Reached skill level 10 in Conjurations
 14832 | D:10     | Noticed a two-headed ogre
 14870 | D:10     | Reached skill level 10 in Fire Magic
 14871 | D:10     | Killed a two-headed ogre
 15033 | D:10     | Reached skill level 1 in Earth Magic
 15144 | D:10     | Noticed a tengu warrior
 15148 | D:10     | Killed a tengu warrior
 15151 | D:10     | Noticed a wizard
 15162 | D:10     | Killed a wizard
 15162 | D:10     | Reached skill level 12 in Spellcasting
 15162 | D:10     | Reached XP level 12. HP: 68/68 MP: 2/30
 15345 | D:10     | Noticed a two-headed ogre
 15350 | D:10     | Killed a two-headed ogre
 15474 | D:10     | Noticed a two-headed ogre
 15504 | D:10     | Killed a two-headed ogre
 15504 | D:10     | Identified Sif Muna's Catalogue of Enchantment (Sif Muna
                  | gifted it to you on level 10 of the Dungeon)
 15504 | D:10     | Received a gift from Sif Muna
 15804 | D:10     | Noticed a two-headed ogre
 15809 | D:10     | Killed a two-headed ogre
 16168 | D:10     | Learned a level 3 spell: Mephitic Cloud
 16175 | D:10     | Got a bloodstained rapier
 16186 | D:10     | Identified the +4 rapier of Somewhere Else {pierce, rF+
                  | Str+3} (You found it on level 10 of the Dungeon)
 16302 | D:10     | Found Uxkynas's Antique Armour Boutique.
 16553 | D:10     | Noticed a seven-headed hydra
 16556 | D:10     | Killed a seven-headed hydra
 16717 | D:10     | Identified the Volume of Congealing Dislocation
 16856 | D:10     | Bought a glowing buckler for 240 gold pieces
 16861 | D:10     | Bought a glowing cloak for 240 gold pieces
 16861 | D:10     | Bought a pair of boots for 144 gold pieces
 16941 | Lair:1   | Entered Level 1 of the Lair of Beasts
 16950 | Lair:1   | Reached skill level 5 in Earth Magic
 16956 | Lair:1   | Reached skill level 13 in Spellcasting
 16960 | Lair:1   | Reached skill level 1 in Shields
 17053 | Lair:1   | You fall through a shaft!
 17162 | Lair:1   | Found a snail-covered altar of Cheibriados.
 17361 | Lair:1   | Got a steaming hunting sling
 17389 | Lair:1   | Identified the +10 hunting sling of Awkwardness {velocity,
                  | MR+} (You found it on level 1 of the Lair of Beasts)
 17473 | Lair:1   | Noticed a six-headed hydra
 17479 | Lair:1   | Killed a six-headed hydra
 17479 | Lair:1   | Reached skill level 1 in Armour
 17866 | Lair:1   | Learned a level 2 spell: Throw Flame
 18192 | Lair:2   | Found a staircase to the Snake Pit.
 18279 | Lair:2   | Noticed a five-headed hydra
 18285 | Lair:2   | Killed a five-headed hydra
 18708 | Lair:2   | Noticed zero's ghost (journeyman DDFi)
 18744 | Lair:2   | Found a runed translucent gate.
 18744 | Lair:2   | Found a runed translucent gate.
 18744 | Lair:2   | Found a runed translucent gate.
 19350 | Lair:3   | You fall through a shaft for 3 floors!
 19350 | Lair:6   | Entered Level 6 of the Lair of Beasts
 19350 | Lair:6   | Found a viscous altar of Jiyva.
 19350 | Lair:6   | Found a staircase to the Slime Pits.
 19513 | Lair:5   | Reached skill level 10 in Invocations
 19670 | Lair:5   | Reached XP level 13. HP: 72/72 MP: 2/32
 21583 | Lair:3   | Received a gift from Sif Muna
 21632 | Lair:3   | Learned a level 3 spell: Stone Arrow
 21676 | Lair:3   | Noticed Urug
 21803 | Lair:3   | Killed Urug
 21803 | Lair:3   | Reached skill level 14 in Spellcasting
 22793 | Lair:4   | Found a staircase to the Shoals.
 23306 | Lair:4   | Found a bloodstained altar of Trog.
 24244 | Lair:6   | Got a steaming halberd
 25320 | Lair:6   | Reached skill level 15 in Spellcasting
 25772 | Lair:6   | Reached XP level 14. HP: 80/80 MP: 23/35
 26466 | Lair:6   | Got an ichor-stained leather armour
 26477 | Lair:6   | Identified the +3 leather armour "Wetusiag" {rC++} (You
                  | found it on level 6 of the Lair of Beasts)
 26841 | Lair:2   | Identified Omoekik's Volume of Necromancy (Sif Muna gifted
                  | it to you on level 2 of the Lair of Beasts)
 26841 | Lair:2   | Received a gift from Sif Muna
 27682 | D:6      | Killed Duffy's ghost
 27861 | D:6      | Identified a scroll of acquirement
 28767 | D:11     | Reached skill level 10 in Dodging
 29977 | D:12     | Found Rivorph's Gadget Emporium.
 30075 | D:12     | Noticed Kirke
 30108 | D:12     | Killed Kirke
 30352 | D:12     | Noticed Azrael
 30362 | D:12     | Killed Azrael
 30364 | D:12     | Noticed Josephine
 30367 | D:12     | Killed Josephine
 30576 | D:12     | Found a staircase to the Orcish Mines.
 31252 | Orc:1    | Entered Level 1 of the Orcish Mines
 31455 | Orc:2    | Entered Level 2 of the Orcish Mines
 31455 | Orc:2    | Found a staircase to the Elven Halls.
 32332 | Orc:2    | Reached XP level 15. HP: 66/90 MP: 20/36
 32902 | Orc:2    | Found Jiuzous's Book Emporium.
 32902 | Orc:2    | Found Ufuylaar's Antique Armour Shop.
 32903 | Orc:2    | Found Anai's Assorted Antiques.
 32903 | Orc:2    | Found Xooq's Assorted Antiques.
 32915 | Orc:2    | Bought a fizzy inky potion for 31 gold pieces
 32916 | Orc:2    | Bought a smoky emerald potion for 27 gold pieces
 32916 | Orc:2    | Bought a scroll labeled LUCENO RAGA for 31 gold pieces
 33499 | Orc:2    | Received a gift from Sif Muna
 33695 | Orc:2    | Found a roughly hewn altar of Beogh.
 34029 | Orc:2    | Bought a runed robe for 103 gold pieces
 34053 | Orc:2    | Bought a pair of embroidered boots for 210 gold pieces
 34069 | Orc:2    | Bought a scroll of identify for 62 gold pieces
 34069 | Orc:2    | Bought a scroll of identify for 62 gold pieces
 34074 | Orc:2    | Bought a scratched tourmaline ring for 175 gold pieces
 34259 | D:13     | Got a dazzling rapier
 34260 | D:13     | Identified the cursed +1 rapier "Luejir" {pierce, rPois rF-
                  | Str+4} (You found it on level 13 of the Dungeon)
 34412 | D:13     | Found a runed translucent door.
 34431 | D:13     | Found a runed translucent door.
 34449 | D:13     | Found a runed translucent door.
 34462 | D:13     | Found a runed translucent door.
 34590 | D:13     | Learned a level 1 spell: Apportation
 35562 | D:13     | Reached skill level 10 in Fighting
 35622 | D:13     | Got a blackened scale mail
 35641 | D:13     | Identified the cursed +0 scale mail of Grot {rF+ Dex+3
                  | Slay+3} (You found it on level 13 of the Dungeon)
 36267 | D:14     | Learned a level 8 spell: Ignition
 36497 | D:14     | Found a gate to the Vaults.
 36554 | D:14     | Reached skill level 16 in Spellcasting
 36689 | D:14     | Found a snail-covered altar of Cheibriados.
 37166 | D:15     | Entered Level 15 of the Dungeon
 37166 | D:15     | Noticed Nessos
 37168 | D:15     | Killed Nessos
 37194 | D:15     | Found a gate leading to a gauntlet.
 37205 | Gauntlet | Entered a Gauntlet
 37205 | Gauntlet | Found a transporter.
 37248 | Gauntlet | Found a transporter.
 37250 | Gauntlet | Found a transporter.
 37252 | Gauntlet | Found a transporter.
 37271 | Gauntlet | Found a transporter.
 37285 | Gauntlet | Found a transporter.
 37292 | Gauntlet | Found a transporter.
 37308 | Gauntlet | Found a transporter.
 37328 | Gauntlet | Found a transporter.
 37343 | Gauntlet | Found a transporter.
 37352 | Gauntlet | Found a transporter.
 37364 | Gauntlet | Found a transporter.
 37372 | Gauntlet | Found a large runed translucent door.
 37373 | Gauntlet | Found a large runed translucent door.
 37374 | Gauntlet | Found a large runed translucent door.
 37374 | Gauntlet | Found a large runed translucent door.
 37375 | Gauntlet | Found a runed translucent gate.
 37376 | Gauntlet | Found a transporter.
 37376 | Gauntlet | Found a runed translucent gate.
 37377 | Gauntlet | Found a runed translucent gate.
 37378 | Gauntlet | Found a large runed translucent door.
 37378 | Gauntlet | Found a large runed translucent door.
 37379 | Gauntlet | Found a large runed translucent door.
 37380 | Gauntlet | Found a large runed translucent door.
 37390 | Gauntlet | Found a large runed translucent door.
 37390 | Gauntlet | Found a large runed translucent door.
 37390 | Gauntlet | Found a runed translucent door.
 37390 | Gauntlet | Found a runed translucent door.
 37391 | Gauntlet | Found a large runed translucent door.
 37392 | Gauntlet | Found a large runed translucent door.
 37394 | Gauntlet | Found a transporter.
 37402 | Gauntlet | Found a large runed translucent door.
 37402 | Gauntlet | Found a large runed translucent door.
 37403 | Gauntlet | Found a large runed translucent door.
 37404 | Gauntlet | Found a large runed translucent door.
 37413 | Gauntlet | Found a transporter.
 37415 | Gauntlet | Found a transporter.
 37448 | Gauntlet | Found a transporter.
 37450 | Gauntlet | Found a transporter.
 38019 | Gauntlet | Got a clouded golden amulet
 38033 | Gauntlet | Identified the +10 war axe "Worm" {chop, rF+}
 38175 | Gauntlet | Identified the amulet "Abiapil" {Faith +Inv rF- Int+7
                  | Dex-5} (You found it in a Gauntlet)
 38399 | D:15     | Found a white marble altar of Elyvilon.
 38447 | D:15     | Found Folizuch's Book Shop.
 38462 | D:15     | Quit the game

Levels and vault maps discovered:
D:1:      evilmike_arrival_run_for_it, layout_basic, grunt_decor_clamped
D:2:      layout_rooms, grunt_temple_overflow_magic_moments,
          nicolae_overflow_crystal_walls, kennysheep_slug_shrine
D:3:      layout_basic, overflow_temple_1_default, fedhas_altar_3, first_ration
D:4:      layout_basic, grunt_temple_overflow_champion_of_chaos,
          nicolae_tso_swordbearing_angel, uniq_sigmund, uniq_crazy_yiuf_cottage
D:5:      minmay_diamond_boxcup, layout_loops_cross, okawaru_altar_gauntlet_db,
          uniq_grinder
D:6:      layout_basic, nicolae_dithmenos_the_darkroom, old_standard_altar,
          minmay_temple_entry_waves, gammafunk_ghost_nasty_kobolds,
          corexii_corridor_pit, dk_vineyard_1, uniq_pikel
D:7:      layout_basic, minivault_22, minivault_25, uniq_prince_ribbit1
D:8:      layout_loops_ring, dpeg_lair_monsters, ebering_ghost_rock_garden,
          grunt_livestock
D:9:      layout_big_octagon, lemuel_crystal_altar
D:10:     minmay_the_grid_3x3 [minmay_the_grid_medium_cups,
          minmay_the_grid_diamond_grid, minmay_the_grid_square_x,
          minmay_the_grid_doors, minmay_the_grid_garden, minmay_the_grid_expand,
          minmay_the_grid_empty, minmay_the_grid_paths,
          minmay_the_grid_prize_trominoes], layout_irregular_city,
          serial_undead, serial_undead_b, serial_undead_b, serial_undead_a,
          serial_undead_e, serial_undead_a, serial_undead_c, serial_shops,
          nicolae_shop_behind_doors
D:11:     layout_long_grid
D:12:     layout_basic, david_orc_4, serial_shops, shop, uniq_kirke,
          uniq_josephine, uniq_azrael
D:13:     minmay_stepped, layout_basic, minmay_statue_crystal_thing
D:14:     layout_gridville, lightli_vaults_fourway_checkpoint, basic_altar
D:15:     grunt_enter_depths_magical_seal, layout_small_grid, serial_shops,
          shop, gauntlet_entry_generic, elyvilon_altar_5, minmay_crystal_room,
          uniq_nessos, uniq_agnes, uniq_rupert
Lair:1:   layout_loops_ring, basic_altar, chequers_serial_rivers_micro_b
Lair:2:   layout_roguey, minmay_snake_entry_guardpost_small, gammafunk_ghost_icy
Lair:3:   layout_regular_city, serial_bayou_shore_b, uniq_urug
Lair:4:   layout_layer_cave, minmay_shoals_entry_lonely_mermaid,
          small_statue_intersection, nicolae_lair_grove_arrangements,
          lemuel_oklob_altar
Lair:5:   layout_gridlike, serial_bayou_shore_b
Lair:6:   minmay_lair_end_frog_pond, layout_misc_corridors, slime_altar_1,
          st_stairs_5
Orc:1:    layout_caves
Orc:2:    st_orc_ogre_mass, layout_caves, kennysheep_orc_chapel
Gauntlet: gammafunk_gauntlet_one_two_three [gammafunk_gauntlet_arena_mazey,
          nicolae_gauntlet_arena_x, gammafunk_gauntlet_arena_chambers,
          gammafunk_gauntlet_arena_crates,
          gammafunk_gauntlet_arena_arrow_garden,
          gammafunk_gauntlet_arena_spirals, nicolae_gauntlet_arena_grate_2,
          nicolae_gauntlet_arena_t_cross,
          minmay_gauntlet_arena_make_your_own_arena,
          nicolae_gauntlet_exit_dead_adventurers]

Skill      XL: |  1  2  3  4  5  6  7  8  9 10 11 12 13 14 15 |
---------------+----------------------------------------------+-----
Conjurations   | 2 3 4 5 7 8 10 | 10.7
Fire Magic     | 4 5 7 8 10 11 | 11.0
Spellcasting   | 4 5 6 8 10 12 13 15 16 | 16.3
Fighting       | 3 5 6 9 10 | 10.0
Dodging        | 5 7 8 11 13 | 13.0
Evocations     | 5 6 8 |  8.0
Invocations    | 4 7 10 | 10.0
Earth Magic    | 2 5 8 |  8.0
Shields        | 3 4 |  4.0
Armour         | 3 4 |  4.2
Stealth        | |  2.4

Action                   |  1- 3 |  4- 6 |  7- 9 | 10-12 | 13-15 || total
-------------------------+-------+-------+-------+-------+-------++-------
Melee: Quarterstaff      |       |       |    46 |    44 |       ||    90
       Staff             |       |       |       |       |     1 ||     1
 Cast: Flame Tongue      |    78 |   120 |   267 |   196 |       ||   661
       Sticky Flame      |       |     2 |    31 |    94 |    51 ||   178
       Conjure Flame     |       |       |     3 |    14 |     1 ||    18
       Fireball          |       |       |       |    87 |   305 ||   392
       Throw Flame       |       |       |       |    65 |    37 ||   102
       Stone Arrow       |       |       |       |       |   189 ||   189
       Bolt of Magma     |       |       |       |       |    97 ||    97
       Apportation       |       |       |       |       |     2 ||     2
       Mephitic Cloud    |       |       |       |       |     2 ||     2
Invok: Divine Energy     |       |     1 |       |       |       ||     1
Evoke: Wand              |       |       |       |       |    18 ||    18
  Use: Scroll            |       |       |       |    12 |    28 ||    40
       Potion            |       |       |       |       |     2 ||     2
 Stab: Petrified         |       |       |     5 |       |       ||     5
       Distracted        |       |       |     1 |       |       ||     1
  Eat: Chunk             |     3 |     8 |    20 |    32 |    44 ||   107
       Ration            |       |       |       |     2 |     5 ||     7
Armor: Robe              |     8 |     8 |    52 |     7 |       ||    75
       Steam dragon scal |       |       |       |    65 |    23 ||    88
       Leather armour    |       |       |       |       |    46 ||    46
Dodge: Dodged            |    24 |    24 |   139 |   194 |   229 ||   610
Block: Buckler           |       |       |       |     8 |    75 ||    83

Table legend:
 A = Non-vault XP
 B = Vault XP
 C = Vault XP percentage of total XP
 D = Non-vault monster count
 E = Vault monster count
 F = Vault count percentage of total count
                 A         B        C        D         E       F
            +---------+---------+-------+---------+---------+-------
      Total |   62836 |   83683 |  57.1 |     612 |     269 |  30.5
            +---------+---------+-------+---------+---------+-------
        D:1 |      39 |       6 |  13.3 |      24 |       1 |   4.0
        D:2 |     120 |       4 |   3.2 |      27 |       1 |   3.6
        D:3 |     181 |       0 |   0.0 |      36 |       0 |   0.0
        D:4 |     635 |     319 |  33.4 |      28 |       3 |   9.7
        D:5 |     793 |     985 |  55.4 |      23 |      14 |  37.8
        D:6 |     908 |    1782 |  66.2 |      26 |      10 |  27.8
        D:7 |     981 |     277 |  22.0 |      27 |       1 |   3.6
        D:8 |    3253 |    6758 |  67.5 |      45 |      12 |  21.1
        D:9 |    1290 |       0 |   0.0 |      25 |       0 |   0.0
       D:10 |    3036 |    8659 |  74.0 |      37 |      39 |  51.3
       D:11 |    5375 |       0 |   0.0 |      48 |       0 |   0.0
       D:12 |    4696 |    7523 |  61.6 |      32 |      31 |  49.2
       D:13 |    4866 |    3431 |  41.4 |      17 |       8 |  32.0
       D:14 |    7315 |    5199 |  41.5 |      47 |      12 |  20.3
       D:15 |    2330 |    1315 |  36.1 |      14 |       1 |   6.7
     Lair:1 |    3179 |       0 |   0.0 |      12 |       0 |   0.0
     Lair:2 |    3222 |    1919 |  37.3 |      11 |      12 |  52.2
     Lair:3 |    6203 |     824 |  11.7 |      29 |       1 |   3.3
     Lair:4 |    1401 |    1064 |  43.2 |       7 |       2 |  22.2
     Lair:5 |    6082 |    1153 |  15.9 |      28 |       4 |  12.5
     Lair:6 |    3358 |   13349 |  79.9 |      13 |      52 |  80.0
      Orc:1 |     461 |   12767 |  96.5 |       8 |      20 |  71.4
      Orc:2 |    3112 |   10692 |  77.5 |      48 |      32 |  40.0
   Gauntlet |       0 |    5657 | 100.0 |       0 |      13 | 100.0
            +---------+---------+-------+---------+---------+-------
